Map: Ruins of Seras

Players

Miszu

  • Race: Terran Terran
  • League: Master

RadekDaNa - Winner!

  • Race: Zerg Zerg
  • League: Master

VOD

Have the link to the VOD?

Description

Time

  • Played on: Feb. 6, 2016, 6:20 a.m.
  • Length: 10:39
Show
View Real Time Build Order
Export as new Build Order

Miszu Terran 

Build Orders: Command Center First (CC), Liberator Opening, MMM Bio 

Get SALT Encoding   

  12  0:00  SCV  
  13  0:12  SCV  
  14  0:18  Supply Depot  
  14  0:24  SCV  
  15  0:39  SCV  
  16  0:51  SCV  
  17  1:01  Command Center  
  17  1:04  SCV  
  18  1:09  Refinery  
  18  1:16  SCV  
  19  1:23  Barracks  
  19  1:28  SCV  
  20  1:43  SCV  
  21  1:55  SCV  
  21  1:58  Refinery  
  23  2:10  Orbital Command  
  23  2:12  Marine  
  23  2:14  Orbital Command  
  23  2:19  Factory  
  23  2:25  Bunker  
  23  2:29  Marine  
  23  2:36  SCV  
  25  2:40  SCV  
  26  2:48  SCV  
  27  2:52  SCV  
  27  2:55  Marine  
  29  3:00  SCV  
  29  3:04  SCV  
  29  3:05  Starport  
  31  3:12  Supply Depot, SCV, Factory Tech Lab  
  32  3:13  Marine  
  32  3:16  SCV  
  34  3:24  SCV  
  34  3:26  Liberator  
  33  3:31  Marine, SCV  
  34  3:38  SCV  
  34  3:43  SCV  
  34  3:44  Siege Tank  
  41  3:49  Marine  
  41  3:50  SCV  
  42  4:06  SCV x2  
  42  4:07  Marine  
  42  4:09  Fusion Core  
  45  4:15  Supply Depot  
  45  4:18  SCV  
  45  4:19  Liberator  
  46  4:29  Command Center  
  46  4:36  SCV x2  
  46  4:38  Supply Depot  
  51  4:43  Barracks Tech Lab  
  51  4:44  Factory Tech Lab  
  51  4:48  SCV x2  
  53  5:00  SCV  
  53  5:01  Supply Depot  
  53  5:03  Barracks, SCV  
  53  5:04  Barracks  
  55  5:07  Refinery  
  55  5:09  Refinery  
  55  5:11  Marine  
  55  5:12  Liberator  
  55  5:13  SCV  
  57  5:15  SCV  
  58  5:25  SCV  
  58  5:27  SCV  
  60  5:33  Engineering Bay  
  60  5:35  Engineering Bay  
  63  5:37  SCV  
  63  5:39  Supply Depot  
  63  5:40  Marine, SCV  
  63  5:41  Orbital Command  
  66  5:47  Supply Depot  
  66  5:49  SCV  
  67  5:52  Barracks Reactor, Barracks Tech Lab, SCV  
  68  6:01  SCV, Orbital Command  
  68  6:04  Marine, Terran Infantry Weapons Level 1, Terran Infantry Armor Level 1, SCV  
  73  6:09  Supply Depot  
  71  6:13  Missile Turret  
  71  6:14  Marine, Missile Turret  
  72  6:18  Stimpack  
  72  6:19  Combat Shields  
  72  6:22  SCV  
  72  6:24  SCV  
  71  6:26  Starport Reactor  
  71  6:29  Barracks  
  71  6:31  Barracks  
  71  6:35  SCV x2  
  71  6:37  SCV  
  74  6:44  Missile Turret  
  74  6:45  Marine x4  
  78  6:47  SCV x2  
  78  6:49  SCV  
  78  6:50  Supply Depot  
  81  6:59  SCV  
  81  7:00  SCV  
  83  7:04  Marauder, SCV  
  86  7:11  Marauder, SCV, Armory  
  86  7:12  SCV  
  86  7:13  Supply Depot  
  90  7:16  SCV  
  90  7:17  Supply Depot  
  90  7:18  Barracks Reactor x2  
  90  7:19  Marine  
  92  7:23  SCV  
  92  7:26  Medivac x2  
  97  7:30  Marine, Marauder  
  97  7:32  Marine  
  98  7:42  Marine  
  99  7:45  Supply Depot  
  99  7:46  Supply Depot  
  99  7:48  Marine  
  99  7:50  Marauder  
  99  7:51  Supply Depot, Marine  
  102  7:52  Refinery  
  102  7:53  Refinery  
  102  7:55  Marine x4  
  107  8:00  Marine  
  107  8:01  Medivac x2  
  111  8:05  Marine  
  111  8:09  Marine  
  111  8:10  Missile Turret  
  111  8:11  Marine, Missile Turret  
  114  8:13  Marine x4  
  114  8:15  Bunker, Supply Depot  
  114  8:18  Marine  
  119  8:22  Terran Infantry Armor Level 2, Terran Infantry Weapons Level 2  
  119  8:23  Marine, Terran Vehicle Weapons Level 1  
  120  8:27  Marauder  
  120  8:29  Marine  
  120  8:30  Marine  
  120  8:31  Marine x2  
  126  8:35  Supply Depot  
  126  8:36  Supply Depot  
  126  8:43  Marine  
  126  8:44  Medivac, Thor  
  126  8:47  Marauder  
  136  8:49  Marine  
  136  8:56  Marine  
  136  8:57  Marine x4  
  136  9:01  Marine, Medivac  
  143  9:04  Supply Depot  
  143  9:07  Marine  
  143  9:08  Marine  
  144  9:14  Marine  
  144  9:15  Marine x2  
  147  9:18  Marine  
  147  9:21  Marine  
  147  9:22  Marauder  
  147  9:23  Medivac  
  153  9:25  Marine  
  153  9:26  Marine  
  153  9:27  Hellion  
  141  9:31  Medivac  
  141  9:32  Marine  
  141  9:33  Marine x2  
  141  9:35  Marine  
  125  9:39  Marine  
  125  9:42  Marine  
  125  9:43  Marine  
  125  9:44  Marine  
  129  9:50  Marine x3  
  120  9:53  Marine, Medivac  
  120  9:55  Thor  
  129  10:01  Medivac, Marauder  
  133  10:07  Command Center  
  133  10:12  Marine  
  133  10:14  Marine x2, Marauder  
  137  10:19  Marine x2  
Show
View Real Time Build Order
Export as new Build Order

RadekDaNa Zerg - Winner!

Build Orders: Pool First, Muta Ling Bane 

Get SALT Encoding   

  12  0:01  Drone  
  13  0:13  Overlord  
  13  0:17  Drone  
  14  0:31  Drone x2  
  14  0:35  Drone  
  17  0:42  Extractor  
  16  0:46  Drone  
  17  0:52  Spawning Pool  
  17  0:56  Drone  
  17  1:07  Drone  
  18  1:21  Hatchery  
  18  1:24  Drone  
  18  1:29  Drone  
  19  1:43  Metabolic Boost  
  19  1:46  Queen  
  19  1:51  Zergling x2  
  22  1:56  Overlord  
  22  2:14  Zergling x4  
  24  2:22  Queen  
  24  2:23  Zergling x2  
  27  2:33  Zergling x2  
  27  2:34  Zergling x2  
  29  2:44  Zergling x2  
  29  2:45  Zergling x2  
  31  2:54  Overlord  
  31  2:55  Zergling x2  
  31  2:56  Drone  
  31  2:57  Drone x2  
  35  3:06  Drone  
  35  3:10  Lair  
  36  3:13  Drone  
  36  3:14  Extractor  
  36  3:16  Drone  
  36  3:18  Drone  
  35  3:29  Drone x3  
  35  3:30  Drone  
  35  3:31  Drone  
  38  3:38  Drone  
  38  3:39  Drone  
  38  3:40  Drone  
  41  3:41  Drone  
  41  3:44  Overlord  
  42  3:49  Extractor  
  42  3:51  Drone  
  42  3:55  Drone  
  43  4:02  Drone x2  
  43  4:10  Spire  
  43  4:11  Drone  
  43  4:12  Extractor, Drone x2  
  43  4:14  Drone x3  
  47  4:17  Overlord  
  47  4:21  Drone  
  48  4:25  Drone  
  48  4:28  Drone  
  50  4:37  Hatchery  
  49  4:39  Drone  
  49  4:42  Drone  
  49  4:43  Drone  
  49  4:45  Drone  
  53  4:48  Overlord  
  53  4:53  Queen  
  53  4:58  Queen  
  57  5:08  Drone x2  
  57  5:09  Baneling Nest  
  57  5:13  Evolution Chamber x2  
  56  5:22  Mutalisk x3  
  56  5:25  Overlord  
  62  5:29  Mutalisk  
  62  5:33  Mutalisk  
  66  5:43  Overlord  
  66  5:45  Mutalisk x3  
  66  5:48  Mutalisk  
  74  5:53  Mutalisk  
  74  5:54  Drone  
  74  5:55  Drone  
  74  5:56  Drone  
  79  6:01  Drone x2  
  81  6:05  Drone x3  
  81  6:08  Drone  
  85  6:12  Drone  
  85  6:13  Zerg Melee Weapons Level 1  
  85  6:16  Queen  
  85  6:17  Overlord  
  88  6:19  Drone  
  89  6:26  Overlord, Zerg Ground Armor Level 1  
  89  6:35  Drone x2  
  89  6:36  Drone x4  
  89  6:39  Overlord  
  95  6:41  Drone  
  96  6:48  Drone  
  96  6:49  Drone x2  
  96  6:50  Drone x2  
  96  6:51  Drone  
  102  6:54  Overlord  
  102  6:56  Drone  
  102  6:59  Extractor x2  
  101  7:08  Centrifical Hooks  
  101  7:14  Infestation Pit  
  101  7:15  Zergling x16  
  102  7:20  Hatchery  
  102  7:21  Overlord  
  108  7:22  Zergling x2  
  108  7:23  Zergling x8  
  108  7:24  Zergling x2  
  108  7:27  Baneling  
  108  7:28  Zergling x4, Baneling x2  
  108  7:29  Zergling x2  
  116  7:39  Overlord  
  116  7:40  Zergling x4  
  116  7:43  Baneling x4  
  118  7:48  Overlord  
  118  7:51  Baneling x3  
  118  7:52  Hive, Zergling x2, Baneling  
  118  7:53  Zergling x14  
  118  7:57  Overlord x2  
  126  8:11  Drone x6  
  126  8:12  Baneling x4  
  132  8:14  Zerg Melee Weapons Level 2  
  132  8:21  Baneling x4  
  132  8:22  Zerg Ground Armor Level 2  
  132  8:25  Drone x2  
  134  8:27  Drone x2  
  134  8:28  Drone  
  134  8:30  Zergling x6  
  140  8:34  Baneling x2  
  140  8:36  Extractor  
  140  8:39  Extractor, Corruptor x3  
  144  8:45  Zergling x10  
  144  8:47  Baneling  
  144  8:48  Baneling x2  
  149  8:49  Overlord  
  149  8:56  Zergling x2  
  149  8:57  Zergling x12  
  149  8:59  Corruptor  
  157  9:09  Corruptor  
  157  9:10  Zergling x8  
  157  9:11  Zergling x4  
  165  9:22  Baneling  
  165  9:23  Zergling x14, Baneling x3  
  165  9:24  Zergling x6  
  152  9:37  Zergling x8, Ultralisk Cavern  
  152  9:38  Zergling x4  
  149  9:46  Drone x3  
  149  9:52  Drone x2  
  148  9:53  Queen, Drone x3  
  153  10:05  Overlord  
  153  10:06  Zergling x4  
  153  10:07  Overlord x2, Zergling x4  
  157  10:08  Overlord, Hatchery  
  156  10:14  Zergling x6  
  156  10:16  Baneling x4  
Tags
 
Add a new tag
Caveats
  • Supply blocks, unpowered buildings, or Contaminate may cause inaccurate times.
  • Supply counts are checked every 10 seconds.